EL
CHATTANOOGA LOOKOUTS @ ERIE SEAWOLVES
08/11/2048
 
TOP OF THE 1ST
Chattanooga Lookouts batting - Pitching for Erie SeaWolves : LHP Ben Saunders
Pitching: LHP Ben Saunders
Batting: SHB Matt Urbani 0-0: Swinging Strike
0-1: Ball
1-1: Ball
2-1: Called Strike
2-2: Ball
3-2: SOLO HOME RUN (Line Drive, 7D, EV 107.5 MPH), Distance : 393 ft
Batting: RHB John Dew 0-0: Foul Ball, location: 2F
0-1: Swinging Strike
0-2: Ball
1-2: Reached on error, E6 (Groundball, 6M, EV 90.6 MPH)
Batting: RHB Leo Gonzalez 0-0: Ball
1-0: Foul Ball, location: 2F
1-1: Ball
2-1: Ball
3-1: Called Strike
3-2: Strikes out looking
Batting: RHB Michael McDonald 0-0: Called Strike
0-1: Foul Ball, location: 2F
0-2: Foul Ball, location: 2F
0-2: Strikes out swinging
Batting: LHB Jon Ventura 0-0: Ball
1-0: Swinging Strike
1-1: Called Strike
1-2: Foul Ball, location: 2F
1-2: Ground out 6-3 (Groundball, 6, EV 100.6 MPH)
Top of the 1st over - 1 run, 1 hit, 1 error, 1 left on base; Chattanooga 1 - Erie 0
BOTTOM OF THE 1ST
Erie SeaWolves batting - Pitching for Chattanooga Lookouts : RHP Tim Weller
Pitching: RHP Tim Weller
Batting: RHB Eric Angelle 0-0: Ball
1-0: Ball
2-0: Foul Ball, location: 2F
2-1: Called Strike
2-2: Ball
3-2: Base on Balls
Batting: RHB Tony Soto 0-0: Ball
1-0: Called Strike
1-1: Called Strike
1-2: Foul Ball, location: 2F
1-2: Foul Ball, location: 2F
1-2: Ball
2-2: Strikes out swinging
Batting: RHB John Evancho 0-0: Grounds into double play, 4-6-3 (Groundball, 34, EV 82.5 MPH)
Bottom of the 1st over - 0 runs, 0 hits, 0 errors, 0 left on base; Chattanooga 1 - Erie 0
TOP OF THE 2ND
Chattanooga Lookouts batting - Pitching for Erie SeaWolves : LHP Ben Saunders
Batting: LHB Marshall Daul 0-0: Ball
1-0: Foul Ball, location: 2F
1-1: Ground out 5-3 (Groundball, 56S, EV 92.5 MPH)
Batting: RHB Nick Phipps 0-0: Called Strike
0-1: Ball
1-1: Fly out, F8 (Flyball, 8LD, EV 96.2 MPH)
Batting: RHB David Nardone 0-0: Ball
1-0: Ball
2-0: Ground out 4-3 (Groundball, 4, EV 80.6 MPH)
Top of the 2nd over - 0 runs, 0 hits, 0 errors, 0 left on base; Chattanooga 1 - Erie 0
BOTTOM OF THE 2ND
Erie SeaWolves batting - Pitching for Chattanooga Lookouts : RHP Tim Weller
Batting: RHB Benny O'Connor 0-0: Ball
1-0: SINGLE (Groundball, 4MD, EV 103.8 MPH)
Batting: RHB Carlos Armenteros 0-0: Called Strike
0-1: Ball
1-1: Ball
2-1: Foul Ball, location: 2F
2-2: Strikes out swinging
Batting: SHB Sean Foley 0-0: Ball
1-0: Swinging Strike
1-1: SINGLE (Groundball, 4MD, EV 95.0 MPH)
Benny O'Connor to second
Runner from 2nd tries for 3rd, SAFE, throw by CF made to third
Sean Foley to second
Batting: RHB Tanner Purchase 0-0: Called Strike
0-1: Ball
1-1: Ball
2-1: Ground out 6-3 (Groundball, 6, EV 85.6 MPH)
Benny O'Connor scores
Sean Foley to third
Batting: RHB Willie Ochoa 0-0: Swinging Strike
0-1: Called Strike
0-2: Foul Ball, location: 2F
0-2: Ball
1-2: Foul Ball, location: 2F
1-2: Foul Ball, location: 2F
1-2: Strikes out swinging
Bottom of the 2nd over - 1 run, 2 hits, 0 errors, 1 left on base; Chattanooga 1 - Erie 1
TOP OF THE 3RD
Chattanooga Lookouts batting - Pitching for Erie SeaWolves : LHP Ben Saunders
Batting: RHB Jose Gracia 0-0: Ground out 5-3 (Groundball, 56, EV 77.5 MPH)
Batting: SHB Matt Urbani 0-0: SINGLE (Groundball, 56D, EV 99.4 MPH)
Batting: RHB John Dew 0-0: Ball
1-0: Ball
2-0: Fielders Choice at 2nd, 4-6 (Groundball, 4S, EV 77.5 MPH)
Batting: RHB Leo Gonzalez 0-0: SINGLE (Line Drive, 34D, EV 96.2 MPH)
John Dew to second
Runner from 2nd tries for 3rd, SAFE, throw by RF made to third
Batting: RHB Michael McDonald 0-0: Ball
1-0: Ball
2-0: Ball
Leo Gonzalez is caught stealing 2nd base 2-4
Top of the 3rd over - 0 runs, 2 hits, 0 errors, 1 left on base; Chattanooga 1 - Erie 1
BOTTOM OF THE 3RD
Erie SeaWolves batting - Pitching for Chattanooga Lookouts : RHP Tim Weller
Batting: RHB Mike Sebastian 0-0: Foul Ball, location: 2F
0-1: Swinging Strike
0-2: Strikes out swinging
Batting: RHB Eric Angelle 0-0: Called Strike
0-1: Called Strike
0-2: Ball
1-2: Foul Ball, location: 2F
1-2: Foul Ball, location: 2F
1-2: Ball
2-2: Ball
3-2: Strikes out swinging
Batting: RHB Tony Soto 0-0: Called Strike
0-1: Foul Ball, location: 2F
0-2: Foul Ball, location: 2F
0-2: Strikes out looking
Bottom of the 3rd over - 0 runs, 0 hits, 0 errors, 0 left on base; Chattanooga 1 - Erie 1
TOP OF THE 4TH
Chattanooga Lookouts batting - Pitching for Erie SeaWolves : LHP Ben Saunders
Batting: RHB Michael McDonald 0-0: Ball
1-0: Ball
2-0: Called Strike
2-1: Foul Ball, location: 2F
2-2: Fly out, F8 (Flyball, 8RD, EV 96.9 MPH)
Batting: LHB Jon Ventura 0-0: Swinging Strike
0-1: Foul Ball, location: 2F
0-2: Ball
1-2: Strikes out looking
Batting: LHB Marshall Daul 0-0: Ball
1-0: Called Strike
1-1: Ball
2-1: Called Strike
2-2: Strikes out swinging
Top of the 4th over - 0 runs, 0 hits, 0 errors, 0 left on base; Chattanooga 1 - Erie 1
BOTTOM OF THE 4TH
Erie SeaWolves batting - Pitching for Chattanooga Lookouts : RHP Tim Weller
Batting: RHB John Evancho 0-0: Called Strike
0-1: Ball
1-1: SINGLE (Groundball, 4MD, EV 95.6 MPH)
Batting: RHB Benny O'Connor 0-0: Ball
1-0: Grounds into double play, 6-4-3 (Groundball, 6, EV 90.6 MPH)
Batting: RHB Carlos Armenteros 0-0: Called Strike
0-1: Ball
1-1: Ball
2-1: SINGLE (Groundball, 4MS, EV 94.4 MPH)
Batting: SHB Sean Foley 0-0: Ball
1-0: Called Strike
1-1: Ball
2-1: Ball
3-1: Foul Ball, location: 2F
3-2: Strikes out swinging
Bottom of the 4th over - 0 runs, 2 hits, 0 errors, 1 left on base; Chattanooga 1 - Erie 1
TOP OF THE 5TH
Chattanooga Lookouts batting - Pitching for Erie SeaWolves : LHP Ben Saunders
Batting: RHB Nick Phipps 0-0: Bunt for hit to 13S - play at first, batter OUT! 1-3
Batting: RHB David Nardone 0-0: Ball
1-0: Ground out 6-3 (Groundball, 6S, EV 87.5 MPH)
Batting: RHB Jose Gracia 0-0: Called Strike
0-1: Called Strike
0-2: Ball
1-2: Foul Ball, location: 2F
1-2: Foul Ball, location: 2F
1-2: Foul Ball, location: 2F
1-2: Ball
2-2: Strikes out swinging
Top of the 5th over - 0 runs, 0 hits, 0 errors, 0 left on base; Chattanooga 1 - Erie 1
BOTTOM OF THE 5TH
Erie SeaWolves batting - Pitching for Chattanooga Lookouts : RHP Tim Weller
Batting: RHB Tanner Purchase 0-0: Called Strike
0-1: Ball
1-1: Foul Ball, location: 2F
1-2: Strikes out swinging
Batting: RHB Willie Ochoa 0-0: Ball
1-0: Ball
2-0: DOUBLE (Line Drive, 89D, EV 108.1 MPH)
Batting: RHB Mike Sebastian 0-0: Ball
Wild Pitch!
Willie Ochoa to third
1-0: Ball
2-0: Called Strike
2-1: Fly out, F8 (Flyball, 89D, EV 105.6 MPH)
Batting: RHB Eric Angelle 0-0: Ball
1-0: Foul Ball, location: 2F
1-1: Ball
2-1: DOUBLE (Line Drive, 8RXD, EV 107.5 MPH)
Willie Ochoa scores
Batting: RHB Tony Soto 0-0: Ball
1-0: Called Strike
1-1: Foul Ball, location: 2F
1-2: Ball
2-2: Foul Ball, location: 2F
2-2: Foul Ball, location: 2F
2-2: Foul Ball, location: 2F
2-2: Foul Ball, location: 2F
2-2: Fly out, F8 (Flyball, 8RD, EV 71.9 MPH)
Bottom of the 5th over - 1 run, 2 hits, 0 errors, 1 left on base; Chattanooga 1 - Erie 2
TOP OF THE 6TH
Chattanooga Lookouts batting - Pitching for Erie SeaWolves : LHP Ben Saunders
Batting: SHB Matt Urbani 0-0: Ball
1-0: Foul Ball, location: 2F
1-1: Ball
2-1: Foul Ball, location: 2F
2-2: Ball
3-2: Foul Ball, location: 2F
3-2: Foul Ball, location: 2F
3-2: Foul Ball, location: 2F
3-2: Fly out, F9 (Flyball, 9, EV 96.2 MPH)
Batting: RHB John Dew 0-0: Foul Ball, location: 2F
0-1: DOUBLE (Groundball, 3L, EV 105.6 MPH)
Batting: RHB Leo Gonzalez 0-0: Ball
1-0: SINGLE (Groundball, 6MD, EV 99.4 MPH)
John Dew to third
Runner from 3rd tries for Home, SAFE, throw by CF to home
Leo Gonzalez to second
Batting: RHB Michael McDonald 0-0: Intentional Walk
Batting: LHB Jon Ventura 0-0: Called Strike
0-1: Ball
1-1: Called Strike
1-2: Strikes out looking
Batting: LHB Marshall Daul 0-0: Swinging Strike
0-1: Ball
1-1: Foul Ball, location: 2F
1-2: Ball
2-2: Foul Ball, location: 2F
2-2: Foul Ball, location: 2F
2-2: Foul Ball, location: 2F
2-2: Foul Ball, location: 2F
2-2: Strikes out looking
Top of the 6th over - 1 run, 2 hits, 0 errors, 2 left on base; Chattanooga 2 - Erie 2
BOTTOM OF THE 6TH
Erie SeaWolves batting - Pitching for Chattanooga Lookouts : RHP Tim Weller
Batting: RHB John Evancho 0-0: Called Strike
0-1: Ball
1-1: Called Strike
1-2: Strikes out looking
Batting: RHB Benny O'Connor 0-0: Ball
1-0: Ball
2-0: Ball
3-0: Base on Balls
Pitching: RHP Tom Aagaard
Batting: RHB Carlos Armenteros 0-0: Fly out, F7 (Flyball, 7, EV 91.9 MPH)
Batting: SHB Sean Foley 0-0: Ball
1-0: Ground out 4-3 (Groundball, 4, EV 78.8 MPH)
Bottom of the 6th over - 0 runs, 0 hits, 0 errors, 1 left on base; Chattanooga 2 - Erie 2
TOP OF THE 7TH
Chattanooga Lookouts batting - Pitching for Erie SeaWolves : LHP Ben Saunders
Batting: RHB Nick Phipps 0-0: Ground out 6-3 (Groundball, 6M, EV 82.5 MPH)
Batting: RHB David Nardone 0-0: Ball
1-0: Swinging Strike
1-1: Ground out 4-3 (Groundball, 4, EV 111.9 MPH)
Batting: RHB Jose Gracia 0-0: Swinging Strike
0-1: Swinging Strike
0-2: Strikes out swinging, 2-3 out at first.
Top of the 7th over - 0 runs, 0 hits, 0 errors, 0 left on base; Chattanooga 2 - Erie 2
BOTTOM OF THE 7TH
Erie SeaWolves batting - Pitching for Chattanooga Lookouts : RHP Tom Aagaard
Batting: RHB Tanner Purchase 0-0: Ball
1-0: Ball
2-0: Ball
3-0: Base on Balls
Batting: RHB Willie Ochoa 0-0: Ball
Tanner Purchase steals 2nd base
1-0: Ball
2-0: Foul Ball, location: 2F
2-1: Called Strike
2-2: Strikes out swinging
Batting: RHB Mike Sebastian 0-0: Swinging Strike
0-1: Foul Ball, location: 2F
0-2: Strikes out looking
Batting: LHB Dave Carlisle 0-0: Intentional Walk
Batting: RHB Tony Soto 0-0: Swinging Strike
0-1: Ball
1-1: Called Strike
1-2: DOUBLE (Line Drive, 7LD, EV 107.5 MPH)
Tanner Purchase scores
Dave Carlisle to third
Runner from 3rd tries for Home, SAFE, throw by LF to trailing runner, OUT at third! 7-3-5
Bottom of the 7th over - 2 runs, 1 hit, 0 errors, 0 left on base; Chattanooga 2 - Erie 4
TOP OF THE 8TH
Chattanooga Lookouts batting - Pitching for Erie SeaWolves : LHP Ben Saunders
Pitching: RHP Denzel McPherson
Batting: SHB Matt Urbani 0-0: Called Strike
0-1: SINGLE (Groundball, 13, EV 75.6 MPH) (infield hit)
Batting: RHB John Dew 0-0: Ball
1-0: Grounds into double play, 6-4-3 (Groundball, 6, EV 110.0 MPH)
Batting: RHB Leo Gonzalez 0-0: Called Strike
0-1: Called Strike
0-2: Ball
1-2: Strikes out swinging
Top of the 8th over - 0 runs, 1 hit, 0 errors, 0 left on base; Chattanooga 2 - Erie 4
BOTTOM OF THE 8TH
Erie SeaWolves batting - Pitching for Chattanooga Lookouts : RHP Tom Aagaard
Pitching: RHP Regan Kalinski
Batting: RHB John Evancho 0-0: Ball
1-0: Swinging Strike
1-1: Swinging Strike
1-2: Ball
2-2: Ball
3-2: Foul Ball, location: 2F
3-2: Ground out U3 (Groundball, 3S, EV 74.4 MPH)
Batting: RHB Benny O'Connor 0-0: Ball
1-0: Called Strike
1-1: Swinging Strike
1-2: Ball
2-2: Strikes out looking
Batting: RHB Carlos Armenteros 0-0: Ground out 4-3 (Groundball, 4, EV 96.9 MPH)
Bottom of the 8th over - 0 runs, 0 hits, 0 errors, 0 left on base; Chattanooga 2 - Erie 4
TOP OF THE 9TH
Chattanooga Lookouts batting - Pitching for Erie SeaWolves : RHP Denzel McPherson
Pitching: RHP Cameron Maxwell
Batting: RHB Michael McDonald 0-0: Foul Ball, location: 2F
0-1: Swinging Strike
0-2: Ball
1-2: Strikes out swinging
Batting: LHB Jon Ventura 0-0: Ball
1-0: Foul Ball, location: 2F
1-1: Foul Ball, location: 2F
1-2: Strikes out swinging
Batting: LHB Marshall Daul 0-0: Ball
1-0: Ground out U3 (Groundball, 3S, EV 82.5 MPH)
Top of the 9th over - 0 runs, 0 hits, 0 errors, 0 left on base; Chattanooga 2 - Erie 4
Tuesday, March 28th , 2023 - OOTP Baseball 23.10 Build 110